 Dungeon Crawl Stone Soup version 0.31-a0-963-ga325b2283a (webtiles) character file.

Game seed: 14142701885855290373

338 lunkers the Insei (level 7, 0/34 HPs)
             Began as a Meteoran Shapeshifter on Oct 24, 2023.
             Slain by a gnoll
             ... wielding a +0 rapier
              (4 damage)
             ... on level 4 of the Dungeon.
             The game lasted 00:03:38 (1410 turns).

lunkers the Insei (Meteoran Shapeshifter)           Turns: 1410, Time: 00:03:38

Health: 0/34       AC:  6    Str: 20    XL:     7   Next: 11%
Magic:  8/8        EV: 10    Int: 13    God:
Gold:   171        SH:  0    Dex: 15    Spells: 6/6 levels left

rFire   . .          .
                       - Unarmed
rCold   . . .        (shield currently unavailable)
rNeg    . . .        a - melded +0 animal skin
rPois   .            (helmet currently unavailable)
rElec   .            (cloak currently unavailable)
rCorr   .            (gloves currently unavailable)
SInv    .            (boots currently unavailable)
Will    .....        (no amulet)
Stlth   +            (no ring)
HPRegen 0.25/turn    (no ring)
MPRegen 0.11/turn

%: no passive effects
@: snake-form, glowing
A: constrict, reduced hp, large, sense surroundings 1, otherworldly, glowing,
explore regen
a: Begin Untransformation


You were on level 4 of the Dungeon.
You were an enormous anaconda.
You visited 1 branch of the dungeon, and saw 4 of its levels.

You collected 171 gold pieces.

Inventory:

Armour
 a - a +0 animal skin (melded)
Talismans
 c - a beast talisman
 d - a flux talisman
 g - a serpent talisman (active)
Scrolls
 b - a scroll of revelation {unknown}
 f - 3 scrolls of teleportation {unknown}
 h - 3 scrolls of identify {unknown}
 j - a scroll of amnesia {unknown}
 k - a scroll of fear {unknown}
 l - a scroll of enchant weapon {unknown}
 m - 4 scrolls of noise {unknown}
 o - 4 scrolls of poison {unknown}
Potions
 e - 2 potions of heal wounds {unknown}
 i - 2 potions of curing {unknown}
 n - a potion of cancellation {unknown}


   Skills:
 - Level 1.1 Fighting
 - Level 2.1 Dodging
 * Level 7.3 Unarmed Combat
 + Level 5.5 Shapeshifting


You had 6 spell levels left.
You didn't know any spells.
Your spell library was empty.

Dungeon Overview and Level Annotations

Branches:
Dungeon (4/15) Zot: 1003
 Temple: D:4-7

Altars:

Shops:
D:1 =(


Innate Abilities, Weirdness & Mutations

You are an enormous anaconda.
You have a powerful constriction melee attack.
Your maximum health is decreased, since you lack skill for your form.
Your armour is entirely melded.
You are incapable of wielding weapons or throwing items.
You passively map a small area around you.
You are easily found by Zot.
You glow in the dark.
You regain HP and MP as you explore.


Message History

The hound zombie bites you but does no damage.
You body-slam the hound zombie!!
You destroy the hound zombie!
You body-slam the hound zombie!!
You grab the hound zombie.
The hound zombie is severely damaged.
You constrict the hound zombie. The hound zombie barely misses you.
You hit the hound zombie.
The hound zombie is almost destroyed.
You constrict the hound zombie.
You destroy the hound zombie!
You hit the phantom.
The phantom is lightly damaged.
The phantom hits you.
The phantom blinks!
You blink. 2 gnolls and an endoplasm come into view.
A gnoll comes into view. It is wielding a +0 spear.
The gnoll moves out of view.
The gnoll shouts! x2
The endoplasm quivers.
You lash the phantom!
The phantom is heavily damaged.
You hear a shout!
The phantom hits you.
The phantom blinks!
You blink.
The gnoll hits you but does no damage. The gnoll hits you with a +0 spear.
You lash the phantom!
You destroy the phantom!
The gnoll hits you with a +0 spear!
* * * LOW HITPOINT WARNING * * *
The gnoll hits you with a +0 spear!
* * * LOW HITPOINT WARNING * * *
The gnoll hits you with a +0 rapier.
* * * LOW HITPOINT WARNING * * *
Your Unarmed Combat skill increases to level 7!
You have reached level 7!
Okay, then.
The gnoll hits you but does no damage.
The endoplasm attacks as it pursues you!
The endoplasm hits you but does no damage.
The gnoll barely misses you. The gnoll attacks as it pursues you!
The gnoll hits you with a +0 rapier.
You die...

* ###### * ,
##..... ,
########...# *
.......gS..# *
#. ......ggJ..#
...
#.#.#####.....#
..# *
#.#.##...#....#
##.#*
#.#.........###
#... ,
#.#..w.§###.# *
* *##..# *
#.#.Z5.§# #.. ,
,...# #.#..5..#
#.#*
*########.###
#.§§....# .#
#......<...)


You could see a worm, 3 gnolls, 2 ufetubi, a scorpion zombie and an endoplasm.

Vanquished Creatures
  A phantom (D:4)
  A water moccasin skeleton (D:4)
  A bullfrog skeleton (D:4)
  A centaur skeleton (D:4)
  Natasha (D:2)
  2 hound zombies (D:4)
  Robin (D:2)
  2 adders
  An adder skeleton (D:4)
  2 adder zombies (D:4)
  A worm (D:3)
  3 dart slugs
  5 orcs
  4 ball pythons
  3 bats
  4 endoplasms
  7 goblins
  5 hobgoblins (D:2)
  4 jackals (D:2)
  5 kobolds
  2 quokkas
  A frilled lizard (D:1)
  2 rats
59 creatures vanquished.

Notes
Turn   | Place    | Note
-------+----------+-------------------------------------------
     0 | D:1      | lunkers the Meteoran Shapeshifter began the quest for the
                  | Orb.
     0 | D:1      | Reached XP level 1. HP: 16/16 MP: 2/2
    23 | D:1      | Found Moonoleyck's Weapon Shop.
    37 | D:1      | Reached XP level 2. HP: 12/23 MP: 3/3
   133 | D:1      | Found a faded altar of an unknown god.
   248 | D:1      | Reached skill level 4 in Unarmed Combat
   248 | D:1      | Found Soggala's Jewellery Shop.
   312 | D:2      | Noticed Robin
   404 | D:2      | Reached XP level 3. HP: 26/28 MP: 4/4
   432 | D:2      | Killed Robin
   433 | D:2      | Reached XP level 4. HP: 35/35 MP: 5/5
   447 | D:2      | Reached skill level 5 in Unarmed Combat
   517 | D:2      | Noticed Natasha
   525 | D:2      | Killed Natasha
   618 | D:2      | Reached XP level 5. HP: 37/40 MP: 6/6
  1251 | D:4      | Reached skill level 6 in Unarmed Combat
  1261 | D:4      | Reached skill level 5 in Shapeshifting
  1261 | D:4      | Reached XP level 6. HP: 12/47 MP: 7/7
  1410 | D:4      | Reached skill level 7 in Unarmed Combat
  1410 | D:4      | Reached XP level 7. HP: 3/52 MP: 8/8
  1410 | D:4      | Slain by a gnoll

Illustrated notes

Levels and vault maps discovered:
D:1:      scummos_arrival_forest, layout_rooms, serial_shops,
          nicolae_diamond_shop, shop, dreamdust_ecumenical_altar_statues,
          kennysheep_nondescript, chequers_serial_rivers_small_b
D:2:      layout_loops_ring, uniq_natasha, uniq_robin
D:3:      layout_basic
D:4:      layout_loops_ring, makhleb_blood_cavern_becter,
          mainiacjoe_overflow_tiny_flanked, lemuel_crystal_altar, serial_undead,
          serial_undead_f, serial_undead_a, serial_undead_a, serial_undead_b,
          serial_undead_a, serial_undead_b

Skill      XL: |  1  2  3  4  5  6 |
---------------+-------------------+-----
Unarmed Combat | 4 5 6 7 |  7.3
Shapeshifting  | 4 5 |  5.5
Fighting       | |  1.1
Dodging        | |  2.1

Action                     |  1- 3 |  4- 6 |  7- 9 || total
---------------------------+-------+-------+-------++-------
  Melee: Unarmed           |    43 |   101 |       ||   144
         Constrict         |       |    10 |       ||    10
         Punch             |       |     1 |       ||     1
    Use: Potion            |     1 |       |       ||     1
 Armour: Animal skin       |    22 |    32 |       ||    54
         Skin              |       |    42 |     3 ||    45
  Dodge: Dodged            |    20 |    39 |     1 ||    60
   Form: Anaconda          |     1 |     1 |       ||     2
         Beast             |     1 |       |       ||     1

Table legend: (Time is in decaauts)
 A = Elapsed time spent in this place.
 B = Non-inter-level travel time spent in this place.
 C = Inter-level travel time spent in this place.
 D = Time resting spent in this place.
 E = Time spent auto-exploring this place.
 F = Levels seen in this place.
 G = Mean time per level.
                   A        B        C        D        E       F      G
               +--------+--------+--------+--------+--------+-----+--------+
         Total |   1396 |   1345 |     51 |      7 |    896 |   4 |  349.0 |
       Dungeon |   1396 |   1345 |     51 |      7 |    896 |   4 |  349.0 |
               +--------+--------+--------+--------+--------+-----+--------+

Top non-repeatable levels by time:
     D:3: 505 daAuts
     D:2: 348 daAuts
     D:1: 298 daAuts
     D:4: 243 daAuts
